 Dungeon Crawl Stone Soup version 0.29-a0-221-gceb61267dd (webtiles) character file.

Game seed: 8203154838121019131

1670 pokeman the Thaumaturge (level 8, -15/44 HPs)
             Began as a Deep Elf Hedge Wizard on Feb 26, 2022.
             Demolished by an ogre
             ... wielding a +0 giant spiked club
              (22 damage)
             ... on level 6 of the Dungeon.
             The game lasted 00:12:46 (7222 turns).

pokeman the Thaumaturge (Deep Elf Hedge Wizard)     Turns: 7222, Time: 00:12:47

Health: -15/44     AC:  4    Str:  7    XL:     8   Next: 69%
Magic:  17/24      EV: 12    Int: 28    God:
Gold:   241        SH:  0    Dex: 14    Spells: 9/27 levels left

rFire   . . .      SeeInvis .   m - +4 club (spect)
rCold   . . .      Faith    .   (no shield)
rNeg    . . .      Spirit   .   o - +0 leather armour
rPois   .          Reflect  .   n - +0 helmet
rElec   .          Harm     .   (no cloak)
rCorr   .          Rampage  .   (no gloves)
Will    .....                   (no boots)
Stlth   ++........              (no amulet)
HPRegen 0.14/turn               p - ring of wizardry
MPRegen 0.19/turn               j - +6 ring of intelligence

@: on blink cooldown
A: no striking features
a: no special abilities


You were on level 6 of the Dungeon.
You visited 1 branch of the dungeon, and saw 6 of its levels.
You also visited: Sewer.

You collected 241 gold pieces.

Inventory:

Hand Weapons
 m - a +4 spectral club (weapon)
 u - a +1 war axe of venom
Armour
 n - a +0 helmet (worn)
 o - a +0 leather armour (worn)
 w - an orb of light
 y - the +3 leather armour of Liberalism {rElec rN+++ Int-3 Dex+3}
   (You found it on level 5 of the Dungeon)

   Int:       It affects your intelligence (-3).
   Dex:       It affects your dexterity (+3).
   rElec:     It insulates you from electricity.
   rN:        It renders you almost immune to negative energy.
Jewellery
 b - a +6 ring of dexterity
 g - a ring of positive energy
 j - a +6 ring of intelligence (right hand)
 p - a ring of wizardry (left hand)
 q - a ring of ice
 E - a ring of resist corrosion
Wands
 v - a wand of paralysis (8)
 B - a wand of acid (14)
 C - a wand of iceblast (7)
Scrolls
 a - 4 scrolls of identify {unknown}
 d - 6 scrolls of teleportation {unknown}
 e - 2 scrolls of blinking {unknown}
 f - 2 scrolls of brand weapon {unknown}
 i - 3 scrolls of fog {unknown}
 r - a scroll of noise {unknown}
 s - a scroll of holy word {unknown}
 x - a scroll of enchant armour {unknown}
Potions
 c - a potion of degeneration {unknown}
 h - a potion of attraction {unknown}
 k - a potion of flight {unknown}
 l - 2 potions of heal wounds {unknown}
 t - 2 potions of lignification {unknown}
 z - a potion of invisibility {unknown}
 A - 2 potions of resistance {unknown}
 D - 2 potions of mutation {unknown}


   Skills:
 - Level 2.0 Fighting
 + Level 2.0 Armour
 - Level 3.2 Dodging
 - Level 4.2 Stealth
 * Level 10.1 Spellcasting
 * Level 6.3 Conjurations
 - Level 1.1 Summonings
 - Level 1.1 Translocations
 - Level 2.1 Fire Magic
 - Level 2.0 Air Magic
 - Level 1.2 Poison Magic
 - Level 1.1 Evocations


You had 9 spell levels left.
You knew the following spells:

 Your Spells              Type           Power      Damage    Failure   Level
a - Magic Dart            Conj           100%       1d8       1%          1
b - Mephitic Cloud        Conj/Pois/Air  32%        N/A       1%          3
c - Call Imp              Summ           20%        N/A       2%          2
d - Blink                 Tloc           40%        N/A       2%          2
e - Conjure Flame         Conj/Fire      37%        6-21      1%          3
f - Orb of Destruction    Conj           24%        9d9       78%         7

Your spell library contained the following spells:

 Spells                   Type           Power      Damage    Failure   Level
 Searing Ray              Conj           98%        2d8       1%          2
 Slow                     Hex            56%        N/A       2%          1
 Summon Guardian Golem    Hex/Summ       17%        N/A       6%          3
 Fulminant Prism          Conj/Hex       15%        3d11      6%          4
 Spellforged Servitor     Conj/Summ      17%        N/A       98%         7


Dungeon Overview and Level Annotations

Branches:
Dungeon (6/15)              Sewer (visited)
 Temple: D:4-7

Altars:
Fedhas
Okawaru
Qazlal
Uskayaw

Shops:
D:5 =


Message History

Aim: an ogre, wielding a +0 giant spiked club (lightly wounded, 100% to hit)
The magic dart hits the ogre.
The ogre is lightly wounded.
Casting: Magic Dart (safe; 1% risk of failure)
Confirm with . or Enter, or press ? or * to list all spells.
Aiming: Magic Dart (safe; 1% risk of failure)
Press: ? - help, Shift-Dir - straight line, f/p - ogre
Aim: an ogre, wielding a +0 giant spiked club (lightly wounded, 100% to hit)
The magic dart hits the ogre.
The ogre is moderately wounded.
Casting: Magic Dart (safe; 1% risk of failure)
Confirm with . or Enter, or press ? or * to list all spells.
Aiming: Magic Dart (safe; 1% risk of failure)
Press: ? - help, Shift-Dir - straight line, f/p - ogre
Aim: an ogre, wielding a +0 giant spiked club (moderately wounded, 100% to hit)
The magic dart hits the ogre.
The ogre is heavily wounded.
Casting: Magic Dart (safe; 1% risk of failure)
Confirm with . or Enter, or press ? or * to list all spells.
Aiming: Magic Dart (safe; 1% risk of failure)
Press: ? - help, Shift-Dir - straight line, f/p - ogre
Aim: an ogre, wielding a +0 giant spiked club (heavily wounded, 100% to hit)
The magic dart hits the ogre!
The ogre is almost dead.
The ogre hits you with a +0 giant spiked club!!
Casting: Magic Dart (safe; 1% risk of failure)
Confirm with . or Enter, or press ? or * to list all spells.
Aiming: Magic Dart (safe; 1% risk of failure)
Press: ? - help, Shift-Dir - straight line, f/p - ogre
Aim: an ogre, wielding a +0 giant spiked club (almost dead, 100% to hit)
The magic dart hits the ogre but does no damage.
The ogre is almost dead.
The ogre hits you with a +0 giant spiked club!!
* * * LOW HITPOINT WARNING * * *
Casting: Magic Dart (safe; 1% risk of failure)
Confirm with . or Enter, or press ? or * to list all spells.
You blink.
The ogre hits you with a +0 giant spiked club!!
Ouch! That really hurt!
You die...

####
....##########
.............
...........#
.......>...#
.......@O§.#
......###'## #..
..... #.# #...
.... #.# #....
... #.# ##... ..
##.######.... #
#............####
#.............<..
#................


You could see an ogre.

Vanquished Creatures
  Grinder (D:4)
  Sigmund (D:4)
  4 black bears
  2 necrophages
  A phantom (D:5)
  2 scorpions
  2 hounds
  3 jellies
  A gnoll shaman (D:5)
  2 iguanas (D:5)
  4 orc wizards
  Robin (D:2)
  5 gnolls
  8 adders
  A river rat (Sewer)
  A white imp (D:4)
  3 dart slugs
  12 orcs
  2 bats
  11 endoplasms
  6 giant cockroaches
  12 goblins
  8 hobgoblins
  4 jackals (D:2)
  5 quokkas
  7 ball pythons
  6 frilled lizards
  5 kobolds
  6 rats
126 creatures vanquished.

Notes
Turn   | Place    | Note
-------+----------+-------------------------------------------
     0 | D:1      | pokeman the Deep Elf Hedge Wizard began the quest for the
                  | Orb.
     0 | D:1      | Reached XP level 1. HP: 10/10 MP: 7/7
   459 | D:1      | Reached XP level 2. HP: 12/16 MP: 1/9
  1313 | D:2      | Found a stormy altar of Qazlal.
  1340 | D:2      | Noticed Robin
  1342 | D:2      | Reached skill level 5 in Spellcasting
  1638 | D:2      | Reached XP level 3. HP: 20/20 MP: 7/11
  1642 | D:2      | Learned a level 3 spell: Mephitic Cloud
  1747 | D:2      | Learned a level 2 spell: Blink
  1750 | D:2      | Learned a level 2 spell: Call Imp
  1754 | D:2      | Learned a level 3 spell: Conjure Flame
  1815 | D:2      | Killed Robin
  1816 | D:2      | Reached skill level 1 in Armour
  1990 | D:2      | Reached skill level 1 in Fighting
  2330 | D:3      | Reached XP level 4. HP: 25/25 MP: 6/13
  2660 | D:3      | Reached skill level 1 in Fire Magic
  2742 | D:3      | Noticed a scorpion
  2749 | D:3      | Killed a scorpion
  2750 | D:3      | Reached skill level 6 in Spellcasting
  2750 | D:3      | Reached XP level 5. HP: 29/29 MP: 7/15
  3027 | D:3      | Found a faded altar of an unknown god.
  3027 | D:3      | Noticed a golden eye
  3031 | D:3      | Noticed a shining eye
  3037 | D:3      | Noticed a floating eye
  3040 | D:3      | Noticed a shining eye
  3089 | D:3      | Found an iron altar of Okawaru.
  3268 | D:4      | Noticed Grinder
  3280 | D:4      | Paralysed by Grinder for 2 turns
  3293 | D:4      | Paralysed by Grinder for 2 turns
  3303 | D:4      | Killed Grinder
  3304 | D:4      | Reached skill level 7 in Spellcasting
  3304 | D:4      | Reached skill level 1 in Air Magic
  3304 | D:4      | Reached XP level 6. HP: 26/34 MP: 2/18
  3457 | D:4      | Reached skill level 1 in Poison Magic
  3457 | D:4      | Reached XP level 7. HP: 21/38 MP: 3/20
  3736 | D:4      | Noticed Sigmund
  3779 | D:4      | Killed Sigmund
  3780 | D:4      | Reached skill level 8 in Spellcasting
  3942 | D:4      | Found a hide-covered altar of Uskayaw.
  4716 | D:4      | Found a blossoming altar of Fedhas.
  4929 | D:5      | Entered Level 5 of the Dungeon
  4950 | D:4      | Reached skill level 1 in Evocations
  5240 | D:4      | Reached XP level 8. HP: 24/43 MP: 22/22
  5601 | D:5      | Identified the +3 leather armour of Liberalism {rElec rN+++
                  | Int-3 Dex+3}
  5653 | D:5      | Reached skill level 9 in Spellcasting
  5663 | D:5      | HP: 2/44 [phantom (4)]
  5965 | D:5      | Reached skill level 5 in Conjurations
  6194 | D:5      | Learned a level 7 spell: Orb of Destruction
  6319 | D:5      | Found Helun's Jewellery Emporium.
  6647 | D:6      | Found a glowing drain.
  6660 | Sewer    | Entered a sewer
  6987 | Sewer    | Found a viscous altar of Jiyva.
  7107 | D:6      | Reached skill level 10 in Spellcasting
  7222 | D:6      | Demolished by an ogre

Illustrated notes

Levels and vault maps discovered:
D:1:      saegor_arrival_simple_d, layout_basic
D:2:      layout_rooms, basic_altar, uniq_robin
D:3:      layout_basic, okawaru_ov_weapons_minmay,
          hellmonk_ecumenical_altar_watching_god, kennysheep_generic_room_2
D:4:      layout_basic, fedhas_altar_fruit_tree, mainiacjoe_overflow_alcove_1,
          hangedman_decor_lopped, st_stairs_9,
          amcnicky_mini_rare_corridor_liquid, minmay_diced_spiral, uniq_sigmund,
          uniq_grinder
D:5:      layout_rooms, serial_shops, nicolae_square_shop, minmay_misc_feat_chi
D:6:      layout_basic, temple_statues, portal_sewer_entry_b

Skill      XL: |  1  2  3  4  5  6  7  8 |
---------------+-------------------------+-----
Spellcasting   | 5 6 7 8 10 | 10.1
Armour         | 1 2 |  2.0
Fighting       | 1 2 |  2.0
Conjurations   | 2 3 4 6 |  6.3
Fire Magic     | 1 2 |  2.1
Dodging        | 3 |  3.2
Stealth        | 3 4 |  4.2
Air Magic      | 1 2 |  2.0
Poison Magic   | 1 |  1.2
Evocations     | 1 |  1.1
Summonings     | |  1.1
Translocations | |  1.1

Action                   |  1- 3 |  4- 6 |  7- 9 || total
-------------------------+-------+-------+-------++-------
Melee: Dagger            |     3 |       |       ||     3
       Club              |       |     9 |    33 ||    42
       Punch             |       |       |     1 ||     1
 Cast: Magic Dart        |    99 |    72 |   170 ||   341
       Conjure Flame     |       |     3 |     2 ||     5
       Mephitic Cloud    |       |     2 |    12 ||    14
       Call Imp          |       |     1 |     2 ||     3
       Blink             |       |       |     5 ||     5
 Stab: Confused          |       |       |     1 ||     1
Armor: Robe              |     3 |     2 |       ||     5
       Leather armour    |       |     1 |    16 ||    17
Dodge: Dodged            |    10 |     9 |    39 ||    58

Table legend: (Time is in decaauts)
 A = Elapsed time spent in this place.
 B = Non-inter-level travel time spent in this place.
 C = Inter-level travel time spent in this place.
 D = Time resting spent in this place.
 E = Time spent auto-exploring this place.
 F = Levels seen in this place.
 G = Mean time per level.
                   A        B        C        D        E       F      G
               +--------+--------+--------+--------+--------+-----+--------+
         Total |   7269 |   6880 |    389 |    435 |   5389 |   7 | 1038.4 |
       Dungeon |   6820 |   6431 |    389 |    435 |   5030 |   6 | 1136.7 |
         Sewer |    449 |    449 |      0 |      0 |    358 |   1 |  449.0 |
               +--------+--------+--------+--------+--------+-----+--------+

Top non-repeatable levels by time:
     D:4: 2420 daAuts
     D:1: 1191 daAuts
     D:3: 1062 daAuts
     D:2: 963 daAuts
     D:5: 947 daAuts
   Sewer: 449 daAuts
     D:6: 235 daAuts
